 Seeded DCSS version 0.31-a0-219-g8d62b2e7bb (webtiles) character file.

Game seed: 13275427502194390118 (custom seed)

69519 rocky1 the Eclecticist (level 14, 0/78 HPs)
             Began as a Deep Elf Earth Elementalist on July 4, 2023.
             Was a High Priest of Vehumet.
             Slain by a steelbarb worm (20 damage)
             ... on level 1 of the Spider Nest.
             The game lasted 01:23:50 (31450 turns).

rocky1 the Eclecticist (DEEE)                      Turns: 31450, Time: 01:23:52

Health: 0/78       AC: 14    Str:  8    XL:     14   Next: 90%
Magic:  27/40      EV: 14    Int: 30    God:    Vehumet [*****.]
Gold:   557        SH:  0    Dex: 17    Spells: 16/53 levels left

rFire   + . .        D - staff of poison
rCold   + + +        (no shield)
rNeg    . . .        q - +4 skin of Zhor {*Englaciate rC+++ SInv}
rPois   +            i - +1 helmet
rElec   .            a - +1 cloak {rPois}
rCorr   .            Q - +0 pair of gloves
SInv    +            C - +2 pair of boots
Will    +....        G - amulet of regeneration
Stlth   ++           m - ring of wizardry
HPRegen 1.13/turn    f - ring of Codeuf {Str+3 Int+6}
MPRegen 0.27/turn

%: wizardry (x1)
@: radiating poison, spiked, studying Armour
A: fire resistance 1
a: Renounce Religion


You were on level 1 of the Spider Nest.
You worshipped Vehumet.
Vehumet was extremely pleased with you.
You visited 5 branches of the dungeon, and saw 19 of its levels.
You also visited: Sewer and Bailey.

You collected 1671 gold pieces.
You spent 1114 gold pieces at shops.

Inventory:

Hand Weapons
 J - a +1 long sword of freezing
 K - the +7 Throatcutter {drain, coup de grace}
   (You found it on level 6 of the Dungeon)
Missiles
 s - a curare-tipped dart
 W - 7 throwing nets
Armour
 a - a +1 cloak of poison resistance (worn)
 i - a +1 helmet (worn)
 l - a +0 robe of resistance
 q - the +4 skin of Zhor (worn) {*Englaciate rC+++ SInv}
   (You found it on level 5 of the Lair of Beasts)

   *Englaciate: It radiates cold, occasionally slowing all nearby creatures who
   are not resistant to cold.
   rC:        It renders you almost immune to cold.
   SInv:      It lets you see invisible.
 C - a +2 pair of boots (worn)
 Q - a +0 pair of gloves (worn)
 Y - a +0 robe of willpower
Magical Staves
 y - a staff of conjuration
 D - a staff of poison (weapon)
Jewellery
 f - the ring of Codeuf (right hand) {Str+3 Int+6}
   (You acquired it on level 3 of the Lair of Beasts)

   [ring of intelligence]

   Str:       It affects your strength (+3).
   Int:       It affects your intelligence (+6).
 h - a ring of ice
 m - a ring of wizardry (left hand)
 F - a ring of see invisible
 G - an amulet of regeneration (around neck)
 M - a ring of fire
Wands
 A - a wand of acid (17)
 H - a wand of charming (12)
 L - a wand of digging (7)
 U - a wand of roots (13)
Scrolls
 c - 3 scrolls of enchant weapon
 d - 4 scrolls of teleportation
 e - a scroll of silence
 g - 3 scrolls of fog
 r - a scroll of poison
 t - a scroll of fear
 x - 6 scrolls of identify
 B - 6 scrolls of revelation
 I - a scroll of amnesia
 R - a scroll of summoning
 S - a scroll of vulnerability
 T - 2 scrolls of immolation
Potions
 b - 3 potions of magic
 j - 8 potions of curing
 k - 3 potions of resistance
 n - 2 potions of heal wounds
 o - 4 potions of mutation
 p - 5 potions of enlightenment
 u - 4 potions of brilliance
 v - 2 potions of might
 w - 2 potions of attraction
 E - 3 potions of haste
 V - a potion of cancellation
 Z - 3 potions of invisibility


   Skills:
 + Level 5.0 Fighting
 - Level 0.1 Ranged Weapons
 * Level 4.1 Dodging
 - Level 3.0 Stealth
 - Level 0.2 Shields
 - Level 0.2 Unarmed Combat
 - Level 20.0 Spellcasting
 - Level 8.5 Conjurations
 - Level 0.1 Hexes
 - Level 1.1 Transmutations
 - Level 15.5 Ice Magic
 - Level 10.4 Earth Magic
 - Level 10.0 Poison Magic


You had 16 spell levels left.
You knew the following spells:

 Your Spells              Type           Power      Damage    Failure   Level
a - Olgreb's Toxic Radia  Pois           94%        N/A       1%          4
b - Ozocubu's Refrigerat  Ice            44%        4d17      1%          7
c - Stone Arrow           Conj/Erth      100%       3d13      1%          3
d - Iskenderun's Mystic   Conj/Tloc      54%        2d12      1%          4
e - Frozen Ramparts       Ice            100%       1d16      0%          3
f - Ozocubu's Armour      Ice            89%        N/A       0%          3
g - Sandblast             Erth           100%       2d20      0%          1
h - Freezing Cloud        Conj/Ice/Air   34%        6-21      1%          5
i - Passwall              Tmut/Erth      49%        N/A       1%          2
j - Lee's Rapid Deconstr  Erth           37%        3d19*     1%          5

Your spell library contained the following spells:

 Spells                   Type           Power      Damage    Failure   Level
 Kiss of Death            Conj/Necr      100%       2d13      1%          1
 Necrotise                Necr           100%       1d9       1%          1
 Ensorcelled Hibernation  Hex/Ice        100%       N/A       1%          2
 Lesser Beckoning         Tloc           60%        N/A       1%          2
 Static Discharge         Conj/Air       100%       2-7/arc   1%          2
 Confusing Touch          Hex            30%        N/A       1%          3
 Dazzling Flash           Conj/Hex       100%       N/A       1%          3
 Gell's Gravitas          Tloc           30%        N/A       1%          3
 Inner Flame              Hex/Fire       30%        N/A       1%          3
 Spider Form              Tmut/Pois      76%        N/A       1%          3
 Teleport Other           Tloc           30%        N/A       1%          3
 Vampiric Draining        Necr           30%        2d8       1%          3
 Volatile Blastmotes      Fire/Tloc      60%        2d15      1%          3
 Airstrike                Air            15%        2d(3-19)  1%          4
 Ice Form                 Ice/Tmut       69%        N/A       1%          4
 Petrify                  Tmut/Erth      59%        N/A       1%          4
 Summon Ice Beast         Ice/Summ       67%        N/A       1%          4
 Irradiate                Conj/Tmut      28%        3d21      1%          5
 Metabolic Englaciation   Hex/Ice        33%        N/A       1%          5
 Yara's Violent Unravell  Hex/Tmut       16%        3d8       3%          5
 Simulacrum               Ice/Necr       33%        N/A       3%          6
 Anguish                  Hex/Necr       15%        N/A       4%          4
 Dispel Undead            Necr           30%        3d14      4%          4
 Summon Lightning Spire   Summ/Air       30%        N/A       4%          4
 Starburst                Conj/Fire      27%        6d9       4%          6
 Agony                    Necr           30%        N/A       13%         5
 Polar Vortex             Ice            44%        N/A       22%         9
 Enfeeble                 Hex            15%        N/A       98%         7
 Ignition                 Fire           15%        3d6       99%         8
 Discord                  Hex            15%        N/A       100%        8


Dungeon Overview and Level Annotations

Branches:
Dungeon (11/15)            Temple (1/1) D:4            Lair (5/5) D:8
 Shoals (0/4) Lair:2       Spider (1/4) Lair:2        Slime (1/5) Lair:5
  Sewer (visited)          Bailey (visited)
    Orc: D:9-12

Altars:
Ashenzari
Cheibriados
Dithmenos
Elyvilon
Fedhas
Gozag
Hepliaklqana
Kikubaaqudgha
Makhleb
Nemelex Xobeh
Okawaru
Qazlal
Ru
Sif Muna
Trog
Uskayaw
Vehumet
Wu Jian
Xom
Yredelemnul
Zin
The Shining One

Shops:
D:1 :==[   D:8 !(=[(


Innate Abilities, Weirdness & Mutations

Your flesh is heat resistant. (rF+)


Message History

There is a crawl-hole back to the Lair, spattered with blood here.
Unknown command.
Casting: Stone Arrow (safe; 1% risk of failure)
Confirm with . or Enter, or press ? or * to list all spells.
You feel a surge of power!
You begin to radiate toxic energy.
The redback is poisoned. x2; The steelbarb worm is poisoned.
The redback looks even sicker.
You feel extremely sick.
The redback bites you but does no damage. x2
The steelbarb worm hits you!!
Barbed spikes become lodged in your body.
The redback misses you. The redback bites you.
Casting: Olgreb's Toxic Radiance (safe; 1% risk of failure)
Confirm with . or Enter, or press ? or * to list all spells.
You feel a surge of power!
Your toxic radiance grows in intensity.
The redback looks even sicker.
You kill the redback!
Vehumet accepts your kill.
The redback looks even sicker.
* * * LOW HITPOINT WARNING * * *
You feel extremely sick. The steelbarb worm hits you!
* * * LOW HITPOINT WARNING * * *
Barbed spikes become lodged in your body.
The redback bites you but does no damage.
The steelbarb worm hits you but does no damage.
You feel better.
You kill the redback!
Vehumet accepts your kill.
You feel your power returning.
The steelbarb worm looks even sicker.
The steelbarb worm hits you but does no damage.
Unknown command.
Unknown command.
Casting: Olgreb's Toxic Radiance (safe; 1% risk of failure)
Confirm with . or Enter, or press ? or * to list all spells.
The heat is drained from your surroundings.
The steelbarb worm is heavily wounded.
You radiate an aura of cold.
The steelbarb worm seems to slow down.
The steelbarb worm hits you!!
You die...

#... . ... .#
#..# (#
#...##..
#....#. #.... #
#...#.# #..@w#
.....#.†.......
... #...#.##.#
^ ..... #
......#
.....###
.#.....
.#####..


You could see a steelbarb worm (very poisoned, slow).

Vanquished Creatures
  An orc warlord (Bailey)
  Snorg (D:10)
  Josephine (Lair:5)
  Harold (D:9)
  5 hydras
  3 catoblepae (Lair:5)
  Erolcha (D:10)
  3 two-headed ogres
  6 death yaks (Lair:5)
  Amaemon (Lair:2)
  A skyshark (Lair:5)
  A sun moth (Lair:2)
  Lodul (D:10)
  An orb spider (Spider:1)
  An orc knight (Bailey)
  The ghost of rinse the Nimble, a novice MfMo of Okawaru (D:7)
  A cyclops (D:7)
  3 manticores
  A moth of wrath (D:9)
  24 elephants
  3 black mambas
  2 merfolk sirens (Lair:2)
  3 torpor snails
  An orange demon (Lair:2)
  12 cane toads
  Psyche (D:10)
  An unseen horror (D:7)
  8 rime drakes
  6 komodo dragons
  A troll (D:9)
  A merfolk (Lair:2)
  7 blink frogs (Lair:5)
  4 polar bears
  Prince Ribbit (D:5)
  5 dream sheep (Lair:5)
  6 wyverns
  54 yaks
  4 wraiths
  2 basilisks (Lair:4)
  4 redbacks
  4 vampire mosquitoes
  2 steam dragons
  13 water moccasins
  18 orc warriors
  An ice beast (D:5)
  2 black bears
  9 ogres
  16 wolves
  4 centaurs
  3 phantoms
  5 kobold brigands
  18 bullfrogs
  A gnoll sergeant (D:10)
  5 scorpions
  16 wights
  13 killer bees
  2 howler monkeys (D:10)
  4 electric eels
  A gnoll bouda (D:7)
  A jelly (D:6)
  4 orc priests
  2 sleepcaps
  Jessica (D:2)
  An iguana (D:5)
  8 orc wizards
  Natasha (thrice) (D:2)
  15 hell rats
  16 gnolls
  A river rat (D:4)
  13 adders
  A white imp (D:4)
  5 worms
  9 dart slugs
  29 orcs
  11 bats
  5 endoplasms
  6 giant cockroaches
  17 goblins
  14 hobgoblins
  2 jackals (D:2)
  33 kobolds
  4 quokkas
  6 ball pythons
  3 frilled lizards
  10 rats
541 creatures vanquished.

Vanquished Creatures (collateral kills)
  A demonic crawler (Lair:2)
  2 hobgoblins (Bailey)
3 creatures vanquished.

Vanquished Creatures (others)
  An orc (D:6)
1 creature vanquished.

Grand Total: 545 creatures vanquished

Notes
Turn   | Place    | Note
-------+----------+-------------------------------------------
     0 | D:1      | rocky1 the Deep Elf Earth Elementalist began the quest for
                  | the Orb.
     0 | D:1      | Reached XP level 1. HP: 10/10 MP: 6/6
    11 | D:1      | Found Onlezats's Jewellery Emporium.
   174 | D:1      | Found Saufiugh's Armour Emporium.
   227 | D:1      | Found Obocek's Jewellery Boutique.
   230 | D:1      | Reached XP level 2. HP: 15/15 MP: 6/8
   280 | D:1      | Found Zyuqykanwy's Book Shop.
   668 | D:2      | Noticed Natasha
   669 | D:2      | Killed Natasha
   670 | D:2      | Reached XP level 3. HP: 19/19 MP: 8/10
   691 | D:2      | Noticed Natasha
   694 | D:2      | Killed Natasha
   695 | D:2      | Reached XP level 4. HP: 14/24 MP: 7/11
   738 | D:2      | Found a glowing golden altar of the Shining One.
   752 | D:2      | Reached skill level 5 in Earth Magic
   772 | D:2      | Noticed Natasha
   776 | D:2      | Killed Natasha
   777 | D:2      | Reached skill level 4 in Spellcasting
   934 | D:2      | You fall into a shaft and drop 1 floor!
   943 | D:3      | Learned a level 3 spell: Ozocubu's Armour
   947 | D:3      | Learned a level 3 spell: Stone Arrow
  1022 | D:3      | Reached skill level 1 in Fighting
  1053 | D:2      | Noticed Jessica
  1056 | D:2      | Killed Jessica
  1057 | D:2      | Reached XP level 5. HP: 29/29 MP: 9/13
  1198 | D:2      | Found a faded altar of an unknown god.
  1792 | D:3      | Found a sparkling altar of Nemelex Xobeh.
  2157 | D:4      | Found a glowing drain.
  2176 | Sewer    | Entered a sewer
  2233 | Sewer    | Reached skill level 5 in Spellcasting
  2233 | Sewer    | Reached XP level 6. HP: 11/34 MP: 10/15
  2664 | Sewer    | Reached skill level 1 in Ice Magic
  2770 | D:4      | Reached skill level 1 in Conjurations
  2829 | D:4      | Reached skill level 6 in Spellcasting
  2829 | D:4      | Reached XP level 7. HP: 38/38 MP: 8/18
  2915 | D:4      | Found a blossoming altar of Fedhas.
  3335 | D:4      | Found a staircase to the Ecumenical Temple.
  3347 | Temple   | Entered the Ecumenical Temple
  4016 | D:5      | Entered Level 5 of the Dungeon
  4176 | D:5      | Found Goteusie's Distillery.
  4298 | D:1      | Bought a ring of see invisible for 210 gold pieces
  4694 | D:5      | Reached XP level 8. HP: 45/45 MP: 16/20
  4740 | D:5      | Found a hazy altar of Hepliaklqana.
  4907 | D:5      | Found a burning altar of Makhleb.
  4926 | D:5      | Noticed Prince Ribbit
  4940 | D:5      | Killed Prince Ribbit
  5119 | D:5      | Reached skill level 7 in Spellcasting
  5810 | D:6      | Found a radiant altar of Vehumet.
  5813 | D:6      | Became a worshipper of Vehumet
  6083 | D:6      | Learned a level 4 spell: Iskenderun's Mystic Blast
  6087 | D:6      | Learned a level 3 spell: Frozen Ramparts
  6130 | D:6      | Found the +7 Throatcutter {drain, coup de grace}
  6386 | D:6      | Reached XP level 9. HP: 50/51 MP: 1/22
  6597 | D:6      | Reached skill level 8 in Spellcasting
  6824 | D:6      | Found an iron altar of Okawaru.
  7546 | D:1      | Bought a +1 cloak of poison resistance for 189 gold pieces
  7705 | D:7      | Found a runed translucent gate.
  7705 | D:7      | Found a runed translucent gate.
  7705 | D:7      | Found a runed translucent gate.
  7707 | D:7      | Noticed rinse's ghost (novice MfMo)
  7720 | D:7      | Found a shadowy altar of Dithmenos.
  7724 | D:7      | Reached * piety under Vehumet
  7724 | D:7      | Offered knowledge of Freeze by Vehumet.
  7931 | D:7      | Reached skill level 9 in Spellcasting
  8073 | D:7      | Noticed an unseen horror
  8073 | D:7      | Noticed a manticore
  8077 | D:7      | Killed a manticore
  8078 | D:7      | Reached skill level 5 in Conjurations
  8079 | D:7      | Noticed a two-headed ogre
  8081 | D:7      | Noticed a cyclops
  8185 | D:7      | Gained mutation: You are occasionally teleported next to
                  | monsters. [potion of mutation]
  8185 | D:7      | Gained mutation: You are strong-willed. (Will+) [potion of
                  | mutation]
  8186 | D:7      | Lost mutation: You are occasionally teleported next to
                  | monsters. [potion of mutation]
  8186 | D:7      | Lost mutation: You are strong-willed. (Will+) [potion of
                  | mutation]
  8186 | D:7      | Gained mutation: Your flesh is heat resistant. (rF+)
                  | [potion of mutation]
  8207 | D:7      | Learned a level 7 spell: Ozocubu's Refrigeration
  8212 | D:7      | Learned a level 4 spell: Olgreb's Toxic Radiance
  8342 | D:7      | Killed a cyclops
  8343 | D:7      | Reached skill level 5 in Ice Magic
  8343 | D:7      | Reached skill level 1 in Poison Magic
  8393 | D:7      | Killed an unseen horror
  8394 | D:7      | Reached skill level 10 in Spellcasting
  8394 | D:7      | Reached XP level 10. HP: 57/57 MP: 6/26
  8632 | D:7      | Killed a two-headed ogre
  9368 | D:7      | Found a sacrificial altar of Ru.
  9817 | D:7      | Killed rinse's ghost
  9972 | D:8      | Found Uwkael's Weapon Boutique.
 10003 | D:8      | Reached skill level 11 in Spellcasting
 10164 | D:8      | Found Welolar's Armour Boutique.
 10197 | D:8      | Found Axza's Antique Weapon Shop.
 10249 | D:8      | Found Jehorat's Jewellery Shop.
 10432 | D:8      | Found an opulent altar of Gozag.
 10524 | D:8      | Offered knowledge of Poisonous Vapours by Vehumet.
 10537 | D:8      | Reached ** piety under Vehumet
 10882 | D:8      | Found a staircase to the Lair.
 11226 | D:8      | Found Gionaurph's Distillery.
 13214 | D:9      | Reached skill level 12 in Spellcasting
 13214 | D:9      | Reached XP level 11. HP: 62/62 MP: 27/29
 13297 | D:9      | Reached skill level 13 in Spellcasting
 13882 | D:9      | Noticed Harold
 13890 | D:9      | Killed Harold
 14533 | D:9      | Found a bloodstained altar of Trog.
 14546 | D:9      | Reached XP level 12. HP: 68/68 MP: 17/31
 14908 | D:9      | Offered knowledge of Static Discharge by Vehumet.
 15647 | D:10     | Entered Level 10 of the Dungeon
 15655 | D:10     | Noticed Snorg
 15664 | D:10     | Killed Snorg
 15665 | D:10     | Reached skill level 14 in Spellcasting
 15740 | D:10     | Found a flagged portal.
 15740 | D:10     | Noticed Psyche
 15749 | Bailey   | Entered a bailey
 16495 | Bailey   | Reached *** piety under Vehumet
 18233 | Bailey   | Noticed an orc warlord
 18241 | Bailey   | Offered knowledge of Ignite Poison by Vehumet.
 18259 | Bailey   | Killed an orc warlord
 18591 | D:10     | Killed Psyche
 18849 | D:10     | Found a glowing golden altar of the Shining One.
 18884 | D:10     | Got Vehumet's Catalogue of the Fifth Circle and Evil
                  | Liturgies
 19018 | D:10     | Noticed a two-headed ogre
 19026 | D:10     | Killed a two-headed ogre
 19027 | D:10     | Reached skill level 5 in Fighting
 19027 | D:10     | Reached skill level 10 in Ice Magic
 19132 | D:10     | Reached **** piety under Vehumet
 19222 | D:10     | Noticed Erolcha
 19226 | D:10     | Killed Erolcha
 19256 | D:10     | Offered knowledge of Freezing Cloud by Vehumet.
 19263 | D:10     | Learned a level 5 spell: Freezing Cloud
 19458 | D:10     | Noticed Lodul
 19463 | D:10     | Killed Lodul
 19464 | D:10     | Reached skill level 15 in Spellcasting
 20010 | D:11     | Reached skill level 10 in Earth Magic
 20221 | D:11     | Noticed a two-headed ogre
 20225 | D:11     | Killed a two-headed ogre
 20847 | D:5      | Bought 2 potions of invisibility for 208 gold pieces
 20847 | D:5      | Bought a potion of curing for 39 gold pieces
 20847 | D:5      | Bought 2 potions of brilliance for 104 gold pieces
 20847 | D:5      | Bought a potion of curing for 39 gold pieces
 20847 | D:5      | Bought a potion of curing for 39 gold pieces
 20847 | D:5      | Bought a potion of might for 52 gold pieces
 20847 | D:5      | Bought a potion of heal wounds for 65 gold pieces
 20847 | D:5      | Bought a potion of curing for 39 gold pieces
 20847 | D:5      | Bought a potion of haste for 130 gold pieces
 20979 | Lair:1   | Entered Level 1 of the Lair of Beasts
 20988 | Lair:1   | Learned a level 2 spell: Passwall
 21012 | Lair:1   | Reached XP level 13. HP: 72/72 MP: 6/34
 21372 | Lair:1   | Reached skill level 16 in Spellcasting
 21918 | Lair:2   | Reached ***** piety under Vehumet
 21918 | Lair:2   | Offered knowledge of Flame Wave by Vehumet.
 22270 | Lair:2   | Found an opulent altar of Gozag.
 22405 | Lair:2   | Found a hole to the Spider Nest.
 22682 | Lair:2   | Reached skill level 17 in Spellcasting
 23010 | Lair:2   | Found a staircase to the Shoals.
 23357 | Lair:2   | Noticed Amaemon
 23364 | Lair:2   | Killed Amaemon
 23670 | Lair:3   | Acquired the ring of Codeuf {Str+3 Int+6}
 23945 | Lair:3   | Reached skill level 18 in Spellcasting
 24978 | Lair:3   | Reached skill level 19 in Spellcasting
 26346 | Lair:5   | Entered Level 5 of the Lair of Beasts
 26352 | Lair:5   | Reached skill level 10 in Poison Magic
 26352 | Lair:5   | Reached XP level 14. HP: 78/78 MP: 30/39
 26525 | Lair:5   | Found a staircase to the Slime Pits.
 26539 | Lair:5   | Reached skill level 20 in Spellcasting
 26711 | Lair:5   | Noticed Josephine
 26719 | Lair:5   | Killed Josephine
 27176 | Lair:5   | Offered knowledge of Lee's Rapid Deconstruction by Vehumet.
 28894 | Lair:5   | Found the +4 skin of Zhor {*Englaciate rC+++ SInv}
 30064 | Lair:5   | Reached skill level 15 in Ice Magic
 30791 | Slime:1  | Entered Level 1 of the Pits of Slime
 30850 | Spider:1 | Entered Level 1 of the Spider Nest
 31405 | Lair:2   | Learned a level 5 spell: Lee's Rapid Deconstruction
 31450 | Spider:1 | Slain by a steelbarb worm

Illustrated notes

Levels and vault maps discovered:
D:1:      erik_arrival_blinker_ship, layout_loops_ring, serial_shops, shop,
          shop, shop, nicolae_shop_rolling_square
D:2:      layout_rooms, ebering_ecumenical_altar_hall, basic_altar,
          uniq_natasha, uniq_jessica
D:3:      layout_loops_ring, mainiacjoe_overflow_cross_hatched
D:4:      layout_basic, fedhas_altar_2, minmay_temple_entry_ruins,
          cheibrodos_sewer_entry_sluice, grunt_ministairs_14,
          kennysheep_cross_room
D:5:      layout_loops_ring, mainiacjoe_overflow_catwalk_spiral, serial_shops,
          shop_fountains, uniq_prince_ribbit1
D:6:      kennysheep_slugbush, layout_basic, kennysheep_little_box,
          kennysheep_mini_moat
D:7:      minmay_blocky_corners, layout_basic,
          nicolae_ru_great_annihilating_truth, amcnicky_altar_gilded,
          ebering_ghost_rock_garden
D:8:      layout_basic, mainiacjoe_overflow_small_starburst,
          grunt_lair_entry_orc_guard_hut, serial_glass, glass_columns_b,
          glass_columns_b, serial_shops, shop, nicolae_take_the_stairs,
          nicolae_shop_hallway_stairs, shop, nicolae_shop_bloodbath_and_beyond
D:9:      layout_long_grid, tgw_trog, hangedman_corner_corridor, uniq_harold
D:10:     layout_basic, mainiacjoe_overflow_boulevard, enter_bailey_6,
          uniq_lodul, uniq_snorg, uniq_erolcha, uniq_psyche
D:11:     minmay_the_grid_triangle_9x9_rhombus_thin
          [minmay_the_grid_triangle_9x9_skeleton,
          minmay_the_grid_triangle_9x9_prize_top_heavy,
          minmay_the_grid_triangle_9x9_pentomino_pain,
          minmay_the_grid_triangle_9x9_odd_lines], layout_rooms, st_stairs_3
Temple:   chequers_temple_sunken
Lair:1:   layout_chaotic_city, serial_bayou_shore_a
Lair:2:   layout_loops_ring, elwin_shoals_entry_rooms, spider_nest_entry_webs,
          basic_altar, uniq_amaemon
Lair:3:   layout_chaotic_city, grunt_megastairs_2
Lair:4:   layout_hall_layers, infiniplex_staircase_pool_2, serial_bayou_shore_b
Lair:5:   evilmike_catoblepas_cave, layout_small_grid, slime_entry_1,
          hellmonk_guarded_unrand_zhor, uniq_josephine
Spider:1: layout_spider_delve, nicolae_spider_webs_and_nodes
Slime:1:  layout_caves

Skill      XL: |  1  2  3  4  5  6  7  8  9 10 11 12 13 14 |
---------------+-------------------------------------------+-----
Earth Magic    | 4 5 6 7 9 10 | 10.4
Spellcasting   | 4 5 6 7 10 12 13 15 19 20 | 20.0
Fighting       | 1 2 3 4 5 |  5.0
Ice Magic      | 1 2 3 5 9 10 15 | 15.5
Conjurations   | 1 2 3 5 7 8 |  8.5
Stealth        | 3 |  3.0
Dodging        | 3 4 |  4.1
Poison Magic   | 1 6 8 10 | 10.0
Ranged Weapons | |  0.1
Shields        | |  0.2
Unarmed Combat | |  0.2
Hexes          | |  0.1
Transmutations | |  1.1

Action                     |  1- 3 |  4- 6 |  7- 9 | 10-12 | 13-15 || total
---------------------------+-------+-------+-------+-------+-------++-------
  Melee: Unarmed           |       |     4 |       |       |       ||     4
         Staff             |       |       |       |    12 |    11 ||    23
   Cast: Sandblast         |    20 |    98 |    59 |    15 |     4 ||   196
         Stone Arrow       |       |       |    81 |   160 |   260 ||   501
         Olgreb's Toxic Ra |       |       |       |    62 |    63 ||   125
         Frozen Ramparts   |       |       |       |     8 |       ||     8
         Ozocubu's Armour  |       |       |       |     2 |     1 ||     3
         Ozocubu's Refrige |       |       |       |       |    41 ||    41
         Freezing Cloud    |       |       |       |       |     2 ||     2
    Use: Scroll            |       |     1 |     5 |    10 |     6 ||    22
         Potion            |       |       |     4 |    11 |     4 ||    19
 Armour: Robe              |     3 |    22 |    11 |    33 |    42 ||   111
         Animal skin       |       |       |       |       |    12 ||    12
  Dodge: Dodged            |     8 |    37 |    38 |    61 |   112 ||   256

Table legend: (Time is in decaauts)
 A = Elapsed time spent in this place.
 B = Non-inter-level travel time spent in this place.
 C = Inter-level travel time spent in this place.
 D = Time resting spent in this place.
 E = Time spent auto-exploring this place.
 F = Levels seen in this place.
 G = Mean time per level.
                   A        B        C        D        E       F      G
               +--------+--------+--------+--------+--------+-----+--------+
         Total |  31712 |  30034 |   1678 |  15686 |  10585 |  21 | 1510.1 |
       Dungeon |  17549 |  16021 |   1528 |   7721 |   6311 |  11 | 1595.4 |
        Temple |    233 |    215 |     18 |      0 |    200 |   1 |  233.0 |
          Lair |  10527 |  10396 |    131 |   5155 |   4073 |   5 | 2105.4 |
   Spider Nest |     10 |     10 |      0 |      0 |      0 |   1 |   10.0 |
    Slime Pits |      1 |      1 |      0 |      0 |      0 |   1 |    1.0 |
         Sewer |    552 |    552 |      0 |    258 |      0 |   1 |  552.0 |
        Bailey |   2838 |   2838 |      0 |   2552 |      0 |   1 | 2838.0 |
               +--------+--------+--------+--------+--------+-----+--------+

Top non-repeatable levels by time:
  Lair:5: 4291 daAuts
     D:9: 4270 daAuts
  Bailey: 2838 daAuts
     D:7: 2341 daAuts
  Lair:2: 2170 daAuts
     D:6: 1770 daAuts
     D:5: 1558 daAuts
     D:8: 1541 daAuts
    D:10: 1537 daAuts
  Lair:3: 1469 daAuts
  Lair:4: 1445 daAuts
     D:4: 1425 daAuts
  Lair:1: 1149 daAuts
     D:3: 905 daAuts
     D:1: 759 daAuts
